 Dungeon Crawl Stone Soup version 0.26-a0-835-g8259106e14 (webtiles) character file.

Game seed: 8045339250331175555

443331 miscthings the Pyromancer (level 24, -4/173 HPs)
             Began as a Human Conjurer on Nov 18, 2020.
             Was a High Priest of Sif Muna.
             Slain by a centaur warrior (5 damage)
             ... while paralysed by a vampire knight
             ... on level 2 of the Vaults.
             The game lasted 03:22:39 (55064 turns).

miscthings the Pyromancer (Human Conjurer)         Turns: 55064, Time: 03:22:40

Health: -4/173     AC: 16    Str: 19    XL:     24   Next: 98%
Magic:  27/38      EV:  2    Int: 35    God:    Sif Muna [*****.]
Gold:   1444       SH:  0    Dex: 15    Spells: 3/45 levels left

rFire    + + +     SeeInvis +   r - staff of conjuration
rCold    + + .     Faith    .   g - +0 buckler
rNeg     + . .     Spirit   .   Z - +1 robe "Ceargh" {rC+ Regen+ Stlth+}
rPois    +         Reflect  .   k - +3 crown of Dyrovepreva {rElec Int+2 SInv}
rElec    +         Harm     .   V - scarf {repulsion}
rCorr    +         Rampage  .   a - +2 pair of gloves
MR       ++...                  m - +4 pair of boots "Ujaretwa" {rPois MR+}
Stlth    +++.......             W - amulet of the Tempest {rF+ Regen+ Str+6 Int+5}
HPRegen  1.18/turn              O - ring of Midwinter {rElec rC+ rCorr}
MPRegen  0.26/turn              J - ring "Gulophoa" {rF+ rN+ Str+4}

@: paralysed, slowed, repel missiles
A: molten scales 1, agile 1, fire resistance 1
}: 3/15 runes: decaying, serpentine, slimy
a: Channel Magic, Forget Spell, Divine Exegesis, Renounce Religion


You were on level 2 of the Vaults.
You worshipped Sif Muna.
Sif Muna was extremely pleased with you.
You visited 9 branches of the dungeon, and saw 42 of its levels.
You also visited: Bailey.

You collected 5227 gold pieces.
You spent 3783 gold pieces at shops.

Inventory:

Missiles
 o - 10 curare-tipped darts (quivered)
Armour
 a - a +2 pair of gloves (worn)
 g - a +0 buckler (worn)
 k - the +3 crown of Dyrovepreva (worn) {rElec Int+2 SInv}
   (You bought it in a shop on level 8 of the Dungeon)

   It affects your intelligence (+2).
   It insulates you from electricity.
   It lets you see invisible.
 m - the +4 pair of boots "Ujaretwa" (worn) {rPois MR+}
   (You acquired it on level 8 of the Dungeon)

   It protects you from poison.
   It affects your resistance to hostile enchantments.
 L - a scarf of resistance
 V - a scarf of repulsion (worn)
 X - the +2 helmet of Xestraaq {rN+ rCorr}
   (You found it in a bailey)

   It protects you from negative energy.
   It provides partial protection from all sources of acid and corrosion.
 Z - the +1 robe "Ceargh" (worn) {rC+ Regen+ Stlth+}
   (You bought it in a shop on level 2 of the Orcish Mines)

   It protects you from cold.
   It increases your rate of regeneration.
   It makes you more stealthy.
Magical Staves
 r - an uncursed staff of conjuration (weapon)
 t - an uncursed staff of fire
Jewellery
 f - an uncursed ring of wizardry
 J - the ring "Gulophoa" (right hand) {rF+ rN+ Str+4}
   (You took it off a deep elf elementalist on level 3 of the Elven Halls)

   [ring of positive energy]

   It affects your strength (+4).
   It protects you from fire.
   It protects you from negative energy.
 O - the ring of Midwinter (left hand) {rElec rC+ rCorr}
   (You acquired it on level 2 of the Elven Halls)

   [ring of resist corrosion]

   It protects you from cold.
   It insulates you from electricity.
   It provides partial protection from all sources of acid and corrosion.
 W - the amulet of the Tempest (around neck) {rF+ Regen+ Str+6 Int+5}
   (You took it off a deep elf annihilator on level 3 of the Elven Halls)

   [amulet of regeneration]

   It affects your strength (+6).
   It affects your intelligence (+5).
   It protects you from fire.
   It increases your rate of regeneration.
Wands
 D - a wand of disintegration (14)
 G - a wand of flame (70)
 H - a wand of digging (6)
 M - a wand of paralysis (7)
 Q - a wand of iceblast (7)
 T - a wand of acid (12)
 Y - a wand of enslavement (16)
Scrolls
 h - 18 scrolls of remove curse
 l - 2 scrolls of holy word
 p - 2 scrolls of identify {@r1}
 q - 11 scrolls of teleportation
 u - 9 scrolls of magic mapping
 v - 2 scrolls of fog
 y - 3 scrolls of fear
 C - 10 scrolls of blinking
 F - 4 scrolls of summoning
 K - 9 scrolls of immolation
 N - 10 scrolls of enchant armour
 U - 4 scrolls of vulnerability
Potions
 b - 7 potions of might
 c - 10 potions of curing
 d - 15 potions of heal wounds
 i - 10 potions of lignification
 s - 7 potions of mutation
 w - 7 potions of flight
 x - 9 potions of attraction
 z - 2 potions of brilliance
 A - 2 potions of invisibility
 B - 2 potions of cancellation
 I - 3 potions of resistance
 P - 6 potions of ambrosia
 R - 7 potions of haste
 S - 4 potions of magic
Miscellaneous
 j - a phantom mirror
 n - a condenser vane
 E - a lightning rod (4/4)


   Skills:
 - Level 10.3 Fighting
 - Level 5.0 Short Blades
 - Level 1.3 Staves
 - Level 1.3 Throwing
 - Level 5.2 Armour
 - Level 10.4 Dodging
 - Level 2.0 Stealth
 - Level 4.3 Shields
 - Level 11.0 Spellcasting
 + Level 17.7 Conjurations
 - Level 7.0 Hexes
 - Level 4.0 Translocations
 - Level 21.5 Fire Magic
 - Level 15.8 Earth Magic
 - Level 10.1 Invocations
 - Level 10.2 Evocations


You had 3 spell levels left.
You knew the following spells:

 Your Spells              Type           Power        Failure   Level
a - Magic Dart            Conj           ####         0%          1
b - Fulminant Prism       Conj/Hex       ########..   1%          4
c - Ignition              Fire           ########..   2%          8
d - Fireball              Conj/Fire      ########..   1%          5
e - Searing Ray           Conj           ######       0%          2
f - Iron Shot             Conj/Erth      ########..   1%          6
g - Iskenderun's Mystic   Conj/Tloc      #######.     1%          4
x - Orb of Destruction    Conj           ########..   1%          7
z - Iskenderun's Battles  Conj           ########     1%          5

Your spell library contained the following spells:

 Spells                   Type           Power        Failure   Level
 Foxfire                  Conj/Fire      ####         0%          1
 Sandblast                Erth           ######       0%          1
 Conjure Flame            Conj/Fire      ########     0%          3
 Stone Arrow              Conj/Erth      ######       0%          3
 Apportation              Tloc           #####.       1%          1
 Corona                   Hex            ######.      1%          1
 Shock                    Conj/Air       ####         1%          1
 Blink                    Tloc           N/A          1%          2
 Passwall                 Tmut/Erth      ######..     1%          2
 Confusing Touch          Hex            ######..     1%          3
 Dazzling Flash           Conj/Hex       ######       1%          3
 Gell's Gravitas          Tloc           #####.....   1%          3
 Ignite Poison            Fire/Tmut/Pois ######..     1%          3
 Inner Flame              Hex/Fire       #######.     1%          3
 Lesser Beckoning         Tloc           #####.....   1%          3
 Mephitic Cloud           Conj/Pois/Air  ######..     1%          3
 Portal Projectile        Hex/Tloc       ######       1%          3
 Static Discharge         Conj/Air       #######.     1%          3
 Teleport Other           Tloc           #####...     1%          3
 Tukima's Dance           Hex            ######..     1%          3
 Animate Skeleton         Necr           ###...       2%          1
 Beastly Appendage        Tmut           ###...       2%          1
 Freeze                   Ice            ###.         2%          1
 Pain                     Necr           ###.         2%          1
 Sting                    Tmut/Pois      ###.         2%          1
 Summon Small Mammal      Summ           ###.         2%          1
 Corpse Rot               Necr/Air       N/A          3%          2
 Poisonous Vapours        Pois/Air       ###...       3%          2
 Sublimation of Blood     Necr           ###.......   3%          2
 Swiftness                Air            ###.....     3%          2
 Wereblood                Tmut           ###.....     3%          2
 Frozen Ramparts          Ice            ###...       7%          3
 Ozocubu's Armour         Ice            ###.....     7%          3
 Spider Form              Tmut/Pois      ###.......   7%          3
 Sticky Flame             Conj/Fire      ########     0%          4
 Cause Fear               Hex            ######....   1%          4
 Hailstorm                Conj/Ice       #######.     1%          4
 Leda's Liquefaction      Hex/Erth       #######...   1%          4
 Petrify                  Tmut/Erth      ######..     1%          4
 Bolt of Magma            Conj/Fire/Erth ########..   1%          5
 Irradiate                Conj/Tmut      #######...   1%          5
 Lee's Rapid Deconstruct  Erth           #######...   1%          5
 Lightning Bolt           Conj/Air       #######...   1%          5
 Starburst                Conj/Fire      ########..   1%          6
 Borgnjor's Vile Clutch   Necr/Erth      ######....   2%          5
 Passage of Golubria      Tloc           N/A          4%          4
 Conjure Ball Lightning   Conj/Air       #######...   9%          6
 Statue Form              Tmut/Erth      ######...    13%         6
 Metabolic Englaciation   Hex/Ice        #####.....   14%         5
 Silence                  Hex/Air        #####.....   14%         5
 Yara's Violent Unravell  Hex/Tmut       #####.....   14%         5
 Lehudib's Crystal Spear  Conj/Erth      ########..   14%         8
 Invisibility             Hex            ######..     19%         6
 Airstrike                Air            ###.......   22%         4
 Animate Dead             Necr           ###.......   22%         4
 Dispel Undead            Necr           ###.....     22%         4
 Ice Form                 Ice/Tmut       ###.....     22%         4
 Olgreb's Toxic Radiance  Pois           ###.....     22%         4
 Summon Ice Beast         Ice/Summ       ###.....     22%         4
 Summon Forest            Summ/Tloc      ####......   26%         5
 Freezing Cloud           Conj/Ice/Air   ######....   30%         6
 Spellforged Servitor     Conj/Summ      #######...   45%         7
 Agony                    Necr           ###.....     52%         5
 Alistair's Intoxication  Tmut/Pois      ###......    52%         5
 Blade Hands              Tmut           ###.......   52%         5
 Excruciating Wounds      Necr           ###.......   52%         5
 Dispersal                Tloc           #####.....   54%         6
 Fire Storm               Conj/Fire      ########..   56%         9
 Death Channel            Necr           ###.......   98%         6
 Eringya's Noxious Bog    Tmut/Pois      ###.......   98%         6
 Ozocubu's Refrigeration  Ice            ###.......   98%         6
 Simulacrum               Ice/Necr       ###.......   98%         6
 Chain Lightning          Conj/Air       #######...   98%         8
 Shatter                  Erth           #######...   98%         9
 Dragon Form              Tmut           ###.......   100%        7
 Monstrous Menagerie      Summ           ###.......   100%        7
 Summon Greater Demon     Summ           ###.......   100%        7
 Discord                  Hex            ######....   100%        8
 Absolute Zero            Ice            ###.......   100%        9
 Tornado                  Air            ###.......   100%        9


Dungeon Overview and Level Annotations

Branches:
Dungeon (15/15)            Temple (1/1) D:6            Lair (6/6) D:10
  Swamp (4/4) Lair:3        Snake (4/4) Lair:4        Slime (5/5) Lair:6
    Orc (2/2) D:11            Elf (3/3) Orc:2        Vaults (2/5) D:14
 Depths (0/5) D:15         Bailey (visited)
  Crypt: Vaults:2-3

Altars:
Ashenzari
Cheibriados
Dithmenos
Elyvilon
Fedhas
Gozag
Hepliaklqana
Kikubaaqudgha
Makhleb
Nemelex Xobeh
Okawaru
Qazlal
Ru
Sif Muna
Trog
Uskayaw
Vehumet
Wu Jian
Xom
Yredelemnul
Zin
The Shining One
Beogh
Jiyva

Shops:
D:6 *   D:8 [*!(?   D:9 =   D:13 =   Orc:2 [[(:   Elf:3 :(*?(   Vaults:1 !!(
Vaults:2 (

Portals:
Abyss: D:9


Innate Abilities, Weirdness & Mutations

You are partially covered in molten scales. (AC +2)
You are agile. (Dex +2)
Your flesh is heat resistant. (rF+)


Message History

The vampire knight bites you but does no damage.
The yaktaur hits you.
* * * LOW HITPOINT WARNING * * *
The centaur warrior barely misses you.
The vault sentinel hits you with a +0 falchion.
* * * LOW HITPOINT WARNING * * *
The freezing wraith hits you!
* * * LOW HITPOINT WARNING * * *
The freezing wraith freezes you! You resist.
* * * LOW HITPOINT WARNING * * *
The freezing wraith hits you.
* * * LOW HITPOINT WARNING * * *
The freezing wraith drains your vigour!
You feel as though you will be slow longer.
The ironbrand convoker points at the centaur warrior and mumbles some strange words.
The centaur warrior seems to grow stronger.
The vampire knight hits you but does no damage.
The vampire knight bites you but does no damage.
The centaur warrior hits you.
You die...

#.......#..# #....#
#.†.....#..#####''### .
.......#..#..#....#. ..
.... #..#..#....#.
..C#####'###..#..#....#.
.........(....#..#....#.
.......p......#..##''##.
.....RcWV.....#.........
......c@......#.........
......p.......######(###
.....................(..
........................
........................
########################


You could see a vampire knight (invisible), a rakshasa (strong), a centaur
warrior (strong), a vault sentinel, a cyclops, an ironbrand convoker, a yaktaur
and a freezing wraith (strong).

Vanquished Creatures
  the Royal Jelly (Slime:5)
  Mara (Snake:4)
  Vashnia (Snake:4)
  Nikola (Snake:2)
  The ghost of Smee the Bludgeoner, an adept MiFi of Okawaru (Snake:3)
  3 deep elf blademasters
  20 acid blobs
  4 deep elf master archers (Elf:3)
  Asterion (Elf:3)
  The ghost of Charmandara the Cleaver, an adept FoVM of Gozag (Swamp:3)
  Gastronok (Lair:1)
  Kirke (D:12)
  Agnes (Elf:1)
  Donald (Swamp:2)
  10 nagarajas
  9 azure jellies
  Aizul (Snake:2)
  2 vault wardens (Vaults:1)
  7 deep elf sorcerers
  A ghoul (Swamp:3)
  Louise (Snake:4)
  5 deep elf elementalists (Elf:3)
  4 ironheart preservers (Vaults:1)
  3 stone giants
  The ghost of jiml777 the Eclecticist, a journeyman DEAE of Sif Muna (D:13)
  9 deep elf demonologists
  5 deep elf annihilators
  Azrael (Orc:2)
  4 bunyips
  7 eleionomae
  Snorg (Lair:6)
  6 deep elf death magi
  13 death oozes (Slime:5)
  2 fire dragons
  4 great orbs of eyes
  3 ice dragons
  7 ogre magi
  4 vault guards (D:14)
  21 hydras
  5 deep elf high priests (Elf:3)
  2 yaktaur captains
  2 ghost crabs
  23 naga warriors
  2 rakshasas (D:15)
  3 boulder beetles
  22 anacondas
  2 catoblepae
  A centaur warrior (D:13)
  3 deep troll shamans (Vaults:1)
  4 alligators (Swamp:3)
  21 two-headed ogres
  30 dancing weapons
  The ghost of sahdkjhfkaj the Shield-Bearer, a novice MiAE of Gozag (D:9)
  2 death knights
  The ghost of xraymikek the Destroyer, a novice DrFE of Fedhas (D:7)
  A tengu warrior (D:13)
  12 death yaks
  3 spriggan berserkers (Swamp:4)
  A thrashing horror (D:9)
  11 naga sharpshooters
  12 shock serpents
  An orc high priest (Orc:1)
  A goliath frog (shapeshifter) (D:15)
  21 deep elf knights
  9 goliath frogs
  A shadow wraith (Vaults:1)
  5 spriggans
  A salamander mystic (Snake:3)
  An unseen horror (shapeshifter) (Vaults:1)
  9 skeletal warriors
  12 swamp dragons
  24 sea snakes
  8 unseen horrors
  A glowing orange brain (D:15)
  An orange crystal statue (D:12)
  2 wizards (Vaults:1)
  11 bog bodies
  4 spriggan druids
  2 lindwurms
  A flayed ghost (Vaults:2)
  7 naga ritualists
  Pikel (D:8)
  64 deep elf magi
  3 ironbrand convokers
  12 deep elf archers
  A wolf spider zombie (D:13)
  A necromancer (Vaults:2)
  12 mana vipers
  7 orc knights
  A wolf spider (Vaults:1)
  30 ugly things
  3 will-o-the-wisps
  A manticore (D:14)
  An orc sorcerer (Orc:2)
  2 cyclopes
  10 salamanders
  3 shining eyes
  9 elephants
  Joseph (Lair:1)
  A spectral centaur (D:13)
  7 guardian serpents
  48 black mambas
  A worldbinder (D:9)
  4 centaur zombies
  13 naga magi
  4 vault sentinels
  3 eyes of devastation
  14 cane toads
  2 torpor snails
  A gargoyle (D:12)
  6 yaktaurs
  An orange demon (D:9)
  A kobold demonologist (D:14)
  A spectral redback (D:13)
  3 rime drakes (Lair:6)
  A rime drake (shapeshifter) (Vaults:1)
  A human zombie (Vaults:2)
  6 freezing wraiths
  3 tengu conjurers
  A human skeleton (Vaults:2)
  8 komodo dragons
  A yaktaur skeleton (Vaults:2)
  3 meliai (D:14)
  11 polar bears
  8 trolls
  6 hornets
  15 tyrant leeches
  A bloated husk (Swamp:2)
  2 raiju (Lair:6)
  A wind drake (shapeshifter) (D:15)
  99 slime creatures
  9 blink frogs
  A spectral meliai (D:13)
  A raiju (shapeshifter) (D:15)
  3 shadows
  6 wyverns
  A centaur simulacrum (D:13)
  Sigmund (D:3)
  An air elemental (Elf:2)
  49 yaks
  3 water elementals
  4 fire elementals (Orc:2)
  5 basilisks
  Eustachio (D:4)
  5 hogs (D:12)
  A yaktaur simulacrum (Vaults:1)
  13 vampire mosquitoes
  3 steam dragons
  49 nagas
  13 wargs
  23 swamp worms
  5 acid dragons
  19 hell hounds
  Duvessa (D:4)
  A floating eye (shapeshifter) (D:13)
  11 water moccasins
  36 orc warriors
  9 swamp drakes
  16 black bears
  A hornet zombie (D:13)
  3 ice beasts
  7 sky beasts
  10 eyes of draining
  An orc zombie (Vaults:2)
  An elf zombie (Vaults:2)
  5 boggarts (Vaults:2)
  46 ogres
  4 necrophages (Swamp:3)
  22 wolves
  16 centaurs
  A lemure (D:8)
  3 small abominations (D:9)
  17 bullfrogs
  3 big kobolds
  An earth elemental (Elf:3)
  Dowan (D:4)
  A gnoll sergeant (D:11)
  2 wyvern zombies
  A hornet simulacrum (D:15)
  3 scorpions
  3 wights (D:7)
  8 killer bees
  An orc simulacrum (Vaults:1)
  2 electric eels (D:7)
  2 howler monkeys
  A bullfrog zombie (D:13)
  4 quasits
  9 hounds
  5 jellies
  25 orc wizards
  15 orc priests
  6 centaur skeletons
  13 worker ants
  14 iguanas
  A hound zombie (D:9)
  A hound skeleton (D:11)
  3 worker ant zombies
  13 adders
  8 gnolls
  A shadow imp (D:7)
  2 white imps
  2 ufetubi
  4 oozes
  An adder skeleton (D:7)
  2 adder zombies
  3 worms (D:3)
  7 leopard geckos
  109 orcs
  12 bats
  7 giant cockroaches
  15 goblins
  5 hobgoblins
  7 jackals
  24 kobolds
  8 quokkas
  4 ball pythons
  8 frilled lizards
  A jackal skeleton (D:8)
  A leopard gecko skeleton (D:5)
  A quokka skeleton (D:5)
  16 rats
  2 crawling corpses (Elf:1)
  2 fulminant prisms
1711 creatures vanquished.

Vanquished Creatures (others)
  A swamp dragon (Swamp:4)
  A mana viper (Snake:2)
  An elephant (Lair:6)
  A naga mage (Snake:2)
  A slime creature (Slime:3)
  A blink frog (Lair:6)
  3 yaks (Lair:6)
  A naga (Snake:2)
  6 foxfires
  170 fulminant prisms
  46 fungi
  125 plants
357 creatures vanquished.

Grand Total: 2068 creatures vanquished

Notes
Turn   | Place    | Note
-------+----------+-------------------------------------------
     0 | D:1      | miscthings the Human Conjurer began the quest for the Orb.
     0 | D:1      | Reached XP level 1. HP: 13/13 MP: 3/3
   120 | D:1      | Reached XP level 2. HP: 12/19 MP: 0/5
   377 | D:1      | Reached XP level 3. HP: 15/24 MP: 0/6
   552 | D:1      | Reached skill level 5 in Conjurations
   797 | D:1      | Learned a level 2 spell: Searing Ray
   946 | D:2      | Reached XP level 4. HP: 30/30 MP: 0/7
  1312 | D:2      | Found a burning altar of Makhleb.
  1423 | D:2      | Found a faded altar of an unknown god.
  1647 | D:3      | Reached XP level 5. HP: 34/35 MP: 2/8
  1998 | D:3      | Learned a level 4 spell: Fulminant Prism
  2011 | D:3      | Noticed Sigmund
  2029 | D:3      | Reached XP level 6. HP: 41/41 MP: 6/9
  2031 | D:3      | Killed Sigmund
  2199 | D:3      | Reached XP level 7. HP: 46/46 MP: 2/10
  2699 | D:4      | Noticed Eustachio
  2719 | D:4      | Killed Eustachio
  2720 | D:4      | Reached skill level 1 in Hexes
  2969 | D:4      | Found an ancient bone altar of Kikubaaqudgha.
  2969 | D:4      | Found a stormy altar of Qazlal.
  3007 | D:4      | Noticed Duvessa
  3007 | D:4      | Noticed Dowan
  3017 | D:4      | Killed Duvessa
  3018 | D:4      | Reached XP level 8. HP: 52/52 MP: 5/11
  3037 | D:4      | Killed Dowan
  3267 | D:5      | Entered Level 5 of the Dungeon
  3442 | D:5      | Found a glowing silver altar of Zin.
  4133 | D:6      | Found a staircase to the Ecumenical Temple.
  4141 | D:6      | Reached skill level 5 in Hexes
  4143 | Temple   | Entered the Ecumenical Temple
  4961 | D:6      | Found an opulent altar of Gozag.
  5009 | D:6      | Reached XP level 9. HP: 57/57 MP: 6/12
  5184 | D:6      | Found an opulent altar of Gozag.
  5501 | D:6      | Found Pugeun's General Store.
  5510 | D:6      | Bought a scroll of remove curse for 42 gold pieces
  5897 | D:7      | Found a transporter.
  5964 | D:7      | Reached skill level 10 in Conjurations
  5973 | D:7      | Noticed a hornet
  6007 | D:7      | Killed a hornet
  6190 | D:7      | Found a shimmering blue altar of Sif Muna.
  6194 | D:7      | Became a worshipper of Sif Muna the Loreminder
  6484 | D:7      | Found an iron altar of Okawaru.
  6607 | D:7      | Reached skill level 1 in Shields
  6778 | D:7      | Reached skill level 1 in Fighting
  6778 | D:7      | Reached skill level 1 in Invocations
  6778 | D:7      | Reached skill level 1 in Evocations
  7055 | D:7      | Identified the +5 great mace of Piroebbo {vorpal, *Drain
                  | MR++ Str+3}
  7055 | D:7      | Noticed a two-headed ogre
  7055 | D:7      | Noticed xraymikek's ghost (novice DrFE)
  7120 | D:7      | Found a transporter.
  7666 | D:8      | Found Dyarem's Assorted Antiques.
  7679 | D:8      | Reached * piety under Sif Muna
  7696 | D:8      | Bought a yellow potion for 27 gold pieces
  7771 | D:8      | Reached XP level 10. HP: 50/66 MP: 13/13
  7979 | D:8      | Found Jily's Magic Scroll Shop.
  7987 | D:8      | Bought a scroll of blinking for 82 gold pieces
  8059 | D:8      | Noticed Pikel
  8072 | D:8      | Killed Pikel
  8075 | D:8      | Found Parudd's Antique Weapon Boutique.
  8287 | D:8      | Found Gaitroog's Distillery.
  8421 | D:8      | Found Cush's Armour Shop.
  9106 | D:9      | Reached ** piety under Sif Muna
  9378 | D:9      | Found a glowing golden altar of the Shining One.
  9444 | D:9      | Found a one-way gate to the infinite horrors of the Abyss.
  9444 | D:9      | Noticed sahdkjhfkaj's ghost (novice MiAE)
  9455 | D:9      | Found a transporter.
  9458 | D:9      | Noticed a thrashing horror
  9467 | D:9      | Noticed an orange demon
  9600 | D:9      | Found Sammok Asiu's Jewellery Boutique.
  9697 | D:9      | Found a transporter.
  9710 | D:9      | Noticed a worldbinder
  9781 | D:9      | Reached skill level 1 in Armour
 10046 | D:10     | Entered Level 10 of the Dungeon
 10388 | D:10     | Reached XP level 11. HP: 75/75 MP: 10/16
 10397 | D:10     | Found a staircase to the Lair.
 11105 | Lair:1   | Entered Level 1 of the Lair of Beasts
 11105 | Lair:1   | Noticed Gastronok
 11120 | Lair:1   | Killed Gastronok
 11298 | Lair:1   | Reached skill level 5 in Dodging
 11341 | Lair:1   | Noticed Joseph
 11360 | Lair:1   | Killed Joseph
 11621 | Lair:1   | Reached *** piety under Sif Muna
 12186 | Lair:2   | Noticed a four-headed hydra
 12195 | Lair:2   | Killed a four-headed hydra
 12196 | Lair:2   | Reached skill level 5 in Invocations
 12487 | Lair:2   | Reached skill level 5 in Spellcasting
 12492 | Lair:2   | Reached skill level 5 in Fighting
 12772 | Lair:2   | Reached XP level 12. HP: 80/86 MP: 11/19
 12795 | Lair:2   | Reached skill level 5 in Evocations
 14077 | Lair:3   | Noticed a seven-headed hydra
 14080 | Lair:3   | Noticed an eight-headed hydra
 14086 | Lair:3   | Killed a seven-headed hydra
 14175 | Lair:3   | Killed an eight-headed hydra
 14175 | Lair:3   | Reached **** piety under Sif Muna
 14261 | Lair:3   | Found a staircase to the Swamp.
 14395 | Lair:4   | Found a staircase to the Snake Pit.
 14398 | Lair:4   | Noticed a boulder beetle
 14404 | Lair:4   | Reached skill level 5 in Armour
 14722 | Lair:4   | Learned a level 3 spell: Dazzling Flash
 14985 | Lair:4   | Noticed an eight-headed hydra
 14992 | Lair:4   | Killed an eight-headed hydra
 14993 | Lair:4   | Reached XP level 13. HP: 94/94 MP: 7/22
 15059 | Lair:4   | Noticed a five-headed hydra
 15183 | Lair:4   | Killed a five-headed hydra
 15783 | Lair:4   | Gained mutation: You are agile. (Dex +2) [potion of
                  | mutation]
 15783 | Lair:4   | Gained mutation: You are partially covered in molten
                  | scales. (AC +2) [potion of mutation]
 16077 | Lair:5   | Noticed a catoblepas
 16101 | Lair:5   | Killed a catoblepas
 16282 | Lair:5   | Noticed a boulder beetle
 16285 | Lair:5   | a boulder beetle changed into a sea snake
 16306 | Lair:5   | Reached skill level 1 in Short Blades
 16498 | Lair:5   | Learned a level 4 spell: Iskenderun's Mystic Blast
 17002 | Lair:6   | Entered Level 6 of the Lair of Beasts
 17004 | Lair:6   | Noticed a seven-headed hydra
 17146 | Lair:5   | Reached skill level 1 in Translocations
 17575 | Lair:5   | Reached ***** piety under Sif Muna
 17762 | Lair:6   | Received a gift from Sif Muna
 17935 | Lair:6   | Reached XP level 14. HP: 65/103 MP: 11/24
 17952 | Lair:6   | Noticed Snorg
 18002 | Lair:6   | Found a staircase to the Slime Pits.
 18889 | Lair:6   | Killed Snorg
 20721 | Lair:6   | Reached XP level 15. HP: 112/112 MP: 16/27
 20902 | Lair:6   | Identified Sif Muna's Papyrus of Shape Shifting and Combat
                  | Magic (Sif Muna gifted it to you on level 6 of the Lair of
                  | Beasts)
 20902 | Lair:6   | Received a gift from Sif Muna
 20961 | Lair:6   | Learned a level 5 spell: Bolt of Magma
 21169 | Lair:6   | Reached skill level 1 in Fire Magic
 21169 | Lair:6   | Reached skill level 1 in Earth Magic
 21175 | Lair:6   | Reached skill level 2 in Fire Magic
 21225 | Lair:6   | Learned a level 5 spell: Fireball
 21305 | Lair:3   | Paralysed by a great orb of eyes for 4 turns
 21505 | D:11     | Found a staircase to the Orcish Mines.
 21534 | D:11     | You fall into a shaft and drop 2 floors!
 21596 | D:13     | Reached skill level 3 in Fire Magic
 21901 | D:13     | Found Deseted's Jewellery Shoppe.
 21956 | D:13     | Reached skill level 4 in Fire Magic
 22544 | D:8      | Bought a scroll of acquirement for 572 gold pieces
 22544 | D:8      | Acquired the +0 pair of gloves "Zarphih" {rPois}
 22557 | D:8      | Acquired the +4 pair of boots "Ujaretwa" {rPois MR+}
 22633 | D:11     | Reached skill level 5 in Fire Magic
 22633 | D:11     | Reached skill level 5 in Earth Magic
 23185 | Orc:1    | Entered Level 1 of the Orcish Mines
 23194 | Orc:1    | Identified Sif Muna's Incunabulum of Arcane Weapons (Sif
                  | Muna gifted it to you on level 1 of the Orcish Mines)
 23194 | Orc:1    | Received a gift from Sif Muna
 23240 | Orc:1    | Reached skill level 6 in Fire Magic
 23339 | Orc:2    | Entered Level 2 of the Orcish Mines
 23523 | Orc:1    | Found a flagged portal.
 23542 | Bailey   | Entered a bailey
 24035 | Bailey   | Got a jewelled helmet
 24047 | Bailey   | Identified the +2 helmet of Xestraaq {rN+ rCorr} (You found
                  | it in a bailey)
 24574 | Orc:1    | Reached skill level 7 in Fire Magic
 24950 | Orc:2    | Received a gift from Sif Muna
 24951 | Orc:2    | Reached skill level 5 in Short Blades
 25138 | Orc:2    | Found a roughly hewn altar of Beogh.
 25171 | Orc:2    | Reached XP level 16. HP: 70/119 MP: 4/28
 25379 | Orc:2    | Noticed Azrael
 25396 | Orc:2    | Killed Azrael
 26034 | Orc:2    | Found a staircase to the Elven Halls.
 26066 | Orc:2    | Found Weodo's Armour Shop.
 26066 | Orc:2    | Found Lovudioq's Antique Weapon Shoppe.
 26067 | Orc:2    | Found Laanluamn's Antique Armour Shoppe.
 26067 | Orc:2    | Found Koisuh's Book Boutique.
 26079 | Orc:2    | Bought a steaming robe for 136 gold pieces
 26089 | Orc:2    | Identified the +1 robe "Ceargh" {rC+ Regen+ Stlth+} (You
                  | bought it in a shop on level 2 of the Orcish Mines)
 26273 | D:8      | Bought a scroll of blinking for 82 gold pieces
 26273 | D:8      | Bought a scroll of blinking for 82 gold pieces
 26273 | D:8      | Bought a scroll of random uselessness for 11 gold pieces
 26277 | D:8      | Bought 2 scrolls of enchant weapon for 165 gold pieces
 26338 | D:8      | Bought the +3 crown of Dyrovepreva {rElec Int+2 SInv} for
                  | 662 gold pieces
 26338 | D:8      | Found the +3 crown of Dyrovepreva {rElec Int+2 SInv}
 26427 | D:9      | Learned a level 3 spell: Ignite Poison
 26703 | D:12     | Noticed Kirke
 26723 | D:12     | Killed Kirke
 27010 | D:12     | Identified Sif Muna's Handbook of Lethal Clay (Sif Muna
                  | gifted it to you on level 12 of the Dungeon)
 27010 | D:12     | Received a gift from Sif Muna
 27663 | D:13     | Found a runed translucent gate.
 27663 | D:13     | Found a runed translucent gate.
 27663 | D:13     | Found a runed translucent gate.
 27664 | D:13     | Noticed jiml777's ghost (journeyman DEAE)
 27921 | D:14     | Found a gate to the Vaults.
 27943 | D:14     | Reached skill level 10 in Spellcasting
 28430 | D:14     | Found the +9 staff of Wucad Mu {channel}
 28498 | D:14     | Reached XP level 17. HP: 126/126 MP: 24/31
 28708 | D:15     | Entered Level 15 of the Dungeon
 28719 | D:14     | Learned a level 7 spell: Orb of Destruction
 28900 | D:15     | Found a stormy altar of Qazlal.
 29101 | D:15     | Reached skill level 15 in Conjurations
 29128 | D:15     | Reached XP level 18. HP: 132/132 MP: 13/32
 29295 | D:15     | Received a gift from Sif Muna
 29298 | D:15     | Found a staircase to the Depths.
 30115 | Snake:1  | Entered Level 1 of the Snake Pit
 30428 | Snake:1  | Reached skill level 10 in Invocations
 30627 | Snake:1  | Reached skill level 8 in Fire Magic
 30633 | Snake:1  | You fall into a shaft and drop 1 floor!
 30680 | Snake:2  | Noticed Nikola
 30891 | Snake:2  | Noticed Aizul
 30896 | Snake:2  | Killed Nikola
 30912 | Snake:2  | Killed Aizul
 31115 | Snake:2  | Reached skill level 10 in Dodging
 31421 | Snake:1  | Found a shimmering altar of Xom.
 31447 | Snake:1  | Identified Sif Muna's Reference Book on Attacks and
                  | Feathers (Sif Muna gifted it to you on level 1 of the Snake
                  | Pit)
 31447 | Snake:1  | Received a gift from Sif Muna
 31482 | Snake:1  | Learned a level 5 spell: Iskenderun's Battlesphere
 31506 | Snake:1  | Reached skill level 10 in Fighting
 32448 | Snake:2  | Reached skill level 9 in Fire Magic
 32626 | Snake:2  | Learned a level 6 spell: Iron Shot
 32702 | Snake:3  | Found a runed translucent door.
 32702 | Snake:3  | Found a shimmering altar of Xom.
 32702 | Snake:3  | Noticed Smee's ghost (adept MiFi)
 32786 | Snake:3  | Reached skill level 10 in Evocations
 32830 | Snake:3  | Reached XP level 19. HP: 140/140 MP: 15/33
 33559 | Snake:3  | Found a runed translucent gate.
 33559 | Snake:3  | Found a runed translucent gate.
 33559 | Snake:3  | Found a runed translucent gate.
 34958 | Snake:4  | Entered Level 4 of the Snake Pit
 35020 | Snake:4  | Noticed Mara
 35030 | Snake:4  | Noticed miscthings's illusion
 35187 | Swamp:1  | Entered Level 1 of the Swamp
 35347 | Swamp:1  | Identified Sif Muna's Handbook of Creative Malediction (Sif
                  | Muna gifted it to you on level 1 of the Swamp)
 35347 | Swamp:1  | Received a gift from Sif Muna
 35490 | Swamp:1  | Reached skill level 10 in Earth Magic
 36603 | Swamp:2  | Identified the ring "Xuets" {Str+4 Stlth+}
 36603 | Swamp:2  | Noticed Donald
 36613 | Swamp:2  | Killed Donald
 36792 | Swamp:2  | Found a shimmering altar of Xom.
 37483 | Swamp:3  | Found a large runed translucent door.
 37483 | Swamp:3  | Found a large runed translucent door.
 37483 | Swamp:3  | Noticed Charmandara's ghost (adept FoVM)
 37646 | Swamp:3  | Identified Sif Muna's Reference Book on Attacks (Sif Muna
                  | gifted it to you on level 3 of the Swamp)
 37646 | Swamp:3  | Received a gift from Sif Muna
 37748 | Swamp:3  | Reached XP level 20. HP: 147/147 MP: 17/34
 38201 | Swamp:3  | Killed Charmandara's ghost
 38263 | Swamp:4  | Entered Level 4 of the Swamp
 39480 | Swamp:4  | Reached skill level 10 in Fire Magic
 39862 | Swamp:4  | Got a decaying rune of Zot
 40220 | D:13     | Bought an uncursed ring of wizardry for 420 gold pieces
 40308 | D:13     | Killed jiml777's ghost
 40490 | D:7      | Killed xraymikek's ghost
 40636 | D:9      | Killed sahdkjhfkaj's ghost
 40761 | Elf:1    | Entered Level 1 of the Elven Halls
 40770 | Elf:1    | Identified Sif Muna's Handbook of Ice and Transmigration
                  | (Sif Muna gifted it to you on level 1 of the Elven Halls)
 40770 | Elf:1    | Received a gift from Sif Muna
 41106 | Elf:1    | Reached skill level 15 in Earth Magic
 41360 | Elf:1    | Got a dazzling hand axe
 41361 | Elf:1    | Identified the +10 hand axe of Sunlight {flame, +Fly rF+
                  | MR+ Dex+4} (You found it on level 1 of the Elven Halls)
 41465 | Elf:1    | Identified the Disquisition on Conjuration
 41643 | Elf:1    | Noticed Agnes
 41650 | Elf:1    | Killed Agnes
 41767 | Elf:1    | Reached XP level 21. HP: 142/153 MP: 20/35
 41847 | Elf:1    | Identified Vaefoezo's Witchery for Absolute Beginners
 42630 | Elf:2    | Reached skill level 11 in Fire Magic
 43176 | Elf:2    | Found a huge runed translucent gate.
 43179 | Elf:2    | Found a huge runed translucent gate.
 43179 | Elf:2    | Found a huge runed translucent gate.
 43180 | Elf:2    | Found a huge runed translucent gate.
 43181 | Elf:2    | Found a huge runed translucent gate.
 43235 | Elf:2    | Acquired the ring of Midwinter {rElec rC+ rCorr}
 43449 | Elf:2    | Reached skill level 12 in Fire Magic
 43781 | Elf:2    | Identified Sif Muna's Papyrus of Conjuration (Sif Muna
                  | gifted it to you on level 2 of the Elven Halls)
 43781 | Elf:2    | Received a gift from Sif Muna
 44107 | Elf:2    | Reached skill level 13 in Fire Magic
 44271 | Elf:3    | Entered Level 3 of the Elven Halls
 44370 | Elf:3    | Identified the amulet of the Tempest {rF+ Regen+ Str+6
                  | Int+5}
 44598 | Elf:3    | Identified the ring "Gulophoa" {rF+ rN+ Str+4}
 44608 | Elf:3    | Reached skill level 14 in Fire Magic
 45128 | Elf:3    | Reached XP level 22. HP: 131/160 MP: 9/36
 45287 | Elf:3    | Found Ubin Dugo's Antique Weapon Boutique.
 45298 | Elf:3    | Found Itogod's General Store.
 45441 | Elf:3    | Noticed Asterion
 45447 | Elf:3    | Killed Asterion
 45448 | Elf:3    | Reached skill level 15 in Fire Magic
 45574 | Elf:3    | Identified the cursed +2 hand axe "Vyriyfi" {pain, *Contam
                  | rPois rF- Int+8}
 45622 | Elf:3    | Found Niw Jeul's Book Emporium.
 45797 | Elf:3    | Found Ybemnush's Weapon Boutique.
 45903 | Elf:3    | Found Vock's Magic Scroll Emporium.
 45909 | Elf:3    | Bought a scroll of teleportation for 48 gold pieces
 45909 | Elf:3    | Bought a scroll of teleportation for 48 gold pieces
 45909 | Elf:3    | Bought a scroll of teleportation for 48 gold pieces
 46268 | Elf:3    | Identified the cursed ring of Diotod {rN+ EV-4}
 46284 | Elf:3    | Reached skill level 16 in Fire Magic
 46552 | Elf:3    | Identified the cursed +1 ring mail "Xempiggu" {rPois rF-
                  | Dex+5 SInv}
 46635 | Elf:3    | Identified Sif Muna's Collected Works on Conjuration and
                  | Malediction (Sif Muna gifted it to you on level 3 of the
                  | Elven Halls)
 46635 | Elf:3    | Received a gift from Sif Muna
 46860 | Elf:3    | Identified the +10 hand crossbow of Ruog {elec, rElec rF+
                  | rC+} (You found it on level 3 of the Elven Halls)
 47001 | Elf:3    | Learned a level 8 spell: Ignition
 47358 | Snake:3  | Killed Smee's ghost
 47458 | Snake:3  | Identified the +2 pair of boots of Panentheism {MR+} (You
                  | found it on level 3 of the Snake Pit)
 47518 | Snake:4  | Noticed Louise
 47578 | Snake:4  | Killed Louise
 47956 | Snake:4  | Identified the cursed +1 ring mail of Joxef {Dex+5} (You
                  | found it on level 4 of the Snake Pit)
 47971 | Snake:4  | Reached skill level 17 in Fire Magic
 48968 | Snake:4  | Reached skill level 18 in Fire Magic
 48986 | Snake:4  | Identified Sif Muna's Incunabulum of Venom (Sif Muna gifted
                  | it to you on level 4 of the Snake Pit)
 48986 | Snake:4  | Received a gift from Sif Muna
 49090 | Snake:4  | Reached XP level 23. HP: 165/165 MP: 19/37
 49285 | Snake:4  | Got a serpentine rune of Zot
 49345 | Snake:4  | Noticed Vashnia
 49352 | Snake:4  | Killed Vashnia
 49605 | Snake:4  | Killed Mara
 49606 | Snake:4  | Reached skill level 19 in Fire Magic
 50001 | Slime:1  | Entered Level 1 of the Pits of Slime
 50400 | Slime:2  | Identified Sif Muna's Handbook of Unstable Displacement
                  | (Sif Muna gifted it to you on level 2 of the Pits of Slime)
 50400 | Slime:2  | Received a gift from Sif Muna
 50541 | Slime:3  | Reached skill level 20 in Fire Magic
 50709 | Slime:3  | Gained mutation: Your flesh is heat resistant. (rF+) [a
                  | shining eye]
 51376 | Slime:5  | Entered Level 5 of the Pits of Slime
 51424 | Slime:5  | Reached XP level 24. HP: 166/172 MP: 25/37
 51445 | Slime:5  | Identified Tarag's Incunabulum of Transmigration and Air
                  | (Sif Muna gifted it to you on level 5 of the Pits of Slime)
 51445 | Slime:5  | Received a gift from Sif Muna
 51832 | Slime:5  | Found a viscous altar of Jiyva.
 51832 | Slime:5  | Noticed the Royal Jelly
 51871 | Slime:5  | Killed the Royal Jelly
 51872 | Slime:5  | Reached skill level 21 in Fire Magic
 52271 | Slime:5  | Got a vibrating glass ring
 52272 | Slime:5  | Identified the cursed ring of Afirghe {rElec rN+ MR+ Int-4}
                  | (You found it on level 5 of the Pits of Slime)
 52280 | Slime:5  | Identified the +7 spear "Boibiuti" {holy, Fragile rPois
                  | Str+3} (You found it on level 5 of the Pits of Slime)
 52281 | Slime:5  | Identified the Volume of the Bewitching Frostbite
 52302 | Slime:5  | Got a slimy rune of Zot
 52909 | Vaults:1 | Entered Level 1 of the Vaults
 53273 | Vaults:1 | Reached skill level 1 in Staves
 53377 | Vaults:1 | Reached skill level 1 in Throwing
 53649 | Vaults:1 | Found Fuydust's Distillery.
 53656 | Vaults:1 | Found Negg's Distillery.
 53684 | Vaults:1 | Bought a potion of attraction for 57 gold pieces
 53684 | Vaults:1 | Bought a potion of mutation for 152 gold pieces
 53684 | Vaults:1 | Bought 2 potions of haste for 380 gold pieces
 53684 | Vaults:1 | Bought a potion of magic for 152 gold pieces
 53684 | Vaults:1 | Bought a potion of curing for 57 gold pieces
 54114 | Vaults:1 | Identified Sif Muna's Witchery in Simple Steps (Sif Muna
                  | gifted it to you on level 1 of the Vaults)
 54114 | Vaults:1 | Received a gift from Sif Muna
 54252 | Vaults:1 | Found Jagof's Weapon Emporium.
 54413 | Vaults:2 | Identified the +0 ring mail of Springtime {rC+} (You found
                  | it on level 2 of the Vaults)
 54733 | Vaults:2 | Found Ofuch's Antique Weapon Shop.
 54742 | Vaults:2 | Bought a smoking mace for 280 gold pieces
 54742 | Vaults:2 | Identified the +8 mace of Embarrassment {vorpal, rElec rC+
                  | Dex+4 SInv} (You bought it in a shop on level 2 of the
                  | Vaults)
 54746 | Vaults:2 | Bought an iridescent spear for 280 gold pieces
 54746 | Vaults:2 | Identified the +6 spear "Raonem" {vorpal, +Fly Dex+2} (You
                  | bought it in a shop on level 2 of the Vaults)
 55060 | Vaults:2 | Paralysed by a vampire knight for 7 turns
 55064 | Vaults:2 | HP: 6/173 [freezing wraith (7)]
 55064 | Vaults:2 | HP: 1/173 [freezing wraith (5)]
 55064 | Vaults:2 | Slain by a centaur warrior

Illustrated notes

Levels and vault maps discovered:
D:1:      dpeg_arrival_orchard, layout_rooms, fountainhead,
          minmay_tree_intersection, minmay_tromino_v4_b
D:2:      layout_rooms, lightli_temple_of_fire, chequers_ecumenical_altar_grove
D:3:      layout_loops_ring, minmay_three_crescents, uniq_sigmund
D:4:      layout_loops_corners, gammafunk_temple_overflow_wave,
          serial_bayou_lagoon_b, uniq_duvessa, uniq_eustachio
D:5:      layout_basic, zin_scriptorium
D:6:      layout_layer_cave, grunt_gozag_statues, minmay_temple_entry_hall,
          serial_shops, shop_fountains, lemuel_statue_altar
D:7:      statuecave_lemuel, layout_basic, marbit_many_paths,
          okawaru_metal_pillars_3, gammafunk_ghost_smash, moated_statue,
          kennysheep_generic_room_6
D:8:      minmay_clustersquares, layout_loops_ring, serial_shops,
          nicolae_shop_competitors_out_of_business, shop_fountains,
          nicolae_shop_waterfront, nicolae_shop_stone,
          nicolae_shop_temple_entry_statues_fountains, uniq_pikel
D:9:      layout_gridville, tso_altar, serial_shops, shop_fountains,
          gammafunk_ghost_abyssal_escape
D:10:     layout_grid_maze, grunt_lair_entry_orc_guard_hut
D:11:     layout_irregular_city, orc_0_dummy
D:12:     layout_loops_ring, minmay_fountain_box, minivault_16,
          serial_bayou_pond_c, uniq_kirke
D:13:     layout_roguey, gammafunk_ghost_necromancy, serial_shops,
          kennysheep_mini_moat, minivault_25_ag
D:14:     layout_loops_ring, lightli_vaults_fourway_checkpoint,
          roderic_lattice_a, due_unseen_surprise
D:15:     gammafunk_enter_depths_forms, layout_loops_ring, basic_altar,
          serial_park_tiny_2
Temple:   eino_narrow_crystal_temple
Lair:1:   layout_cave_pods, infiniplex_staircase_pool_2, uniq_gastronok,
          uniq_joseph
Lair:2:   layout_chaotic_city
Lair:3:   layout_big_grid, palyth_hydra_swamp_entry, lemuel_old_faithful,
          grunt_megastairs_4
Lair:4:   layout_hall_layers, guppyfry_snake_entry_island, lemuel_fruit_fields
Lair:5:   layout_big_grid, grunt_megastairs_5
Lair:6:   hangedman_lair_caniforms_friends, layout_gridlike,
          guppyfry_lair_end_dragon, minmay_slime_entry_eyes, grunt_megastairs_2,
          uniq_snorg
Swamp:1:  layout_basic_swamp, nicolae_swamp_dense_foliage,
          infiniplex_staircase_pool
Swamp:2:  layout_basic_swamp, basic_altar, uniq_donald
Swamp:3:  layout_basic_swamp, ebering_ghost_disaster_area,
          hangedman_swamp_ruin_hall, swamp_pool1, hangedman_swamp_ravenous
Swamp:4:  swamp_basic_johnstein, layout_basic_swamp
Snake:1:  layout_cave_pods, basic_altar
Snake:2:  layout_gridlike, nicolae_snake_shapes, lemuel_fruit_tree,
          grunt_megastairs_3, uniq_nikola, uniq_aizul
Snake:3:  kennysheep_snake, layout_cave_town, ebering_ghost_xom,
          nicolae_snake_horde_hoard
Snake:4:  grunt_snake_rune_pools, layout_basic, serial_bayou_shore_a,
          uniq_vashnia, uniq_louise, uniq_mara
Slime:1:  layout_caves
Slime:2:  layout_caves
Slime:3:  layout_caves
Slime:4:  layout_caves
Slime:5
Orc:1:    layout_caves, enter_bailey_5, nooodl_orcs_dogs
Orc:2:    st_orc_ogre_mass, layout_caves, basic_altar, uniq_azrael
Elf:1:    eino_elf_arrival_the_gate, layout_geoelf_diagonals,
          minmay_elf_sorcery, billiards_dpeg, uniq_agnes
Elf:2:    layout_geoelf_diagonals, minmay_strange_pillars
Elf:3:    minmay_elf_hall_not_hex, layout_geoelf_octagon, serial_shops, shop,
          shop_fountains, shop, shop, nicolae_shop_behind_doors, uniq_asterion
Vaults:1: nicolae_vaults_mini_display_case, nicolae_vaults_network_square,
          ontoclasm_vaults_pinch, v_alt_pattern_5,
          nicolae_vaults_little_squares_1, vaults_mumra_hex, v_misc_8,
          nicolae_vaults_twisting_passages, grunt_vaults_hallway_short,
          vaults_mumra_lcd, v_misc_17, ontoclasm_vaults_decontamination,
          vaults_room_octagon, v_alt_pattern_3, dpeg_vaults_monster_row,
          ontoclasm_vaults_ring_small, ontoclasm_vaults_loading_screen,
          layout_vaults_omnicross, serial_shops, shop_statue, shop_fountains,
          shop
Vaults:2: hangedman_vaults_capsules, vaults_room_boxed,
          nicolae_vaults_angled_halls, minmay_crypt_entry_simple_corners,
          ontoclasm_vaults_eye, nicolae_vaults_rhombus_5,
          hangedman_vaults_cutoff, ontoclasm_vaults_chip, vaults_room_door_hall,
          ontoclasm_vaults_loading_screen, layout_vaults_chaotic_city,
          serial_shops, shop

Skill      XL: |  1  2  3  4  5  6  7  8  9 10 11 12 13 14 15 16 17 18 19 20 21 22 23 24 |
---------------+-------------------------------------------------------------------------+-----
Conjurations   | 5 6 7 8 9 10 11 12 13 14 15 16 17 | 17.7
Hexes          | 3 5 7 |  7.0
Shields        | 1 3 4 |  4.3
Fighting       | 1 3 5 6 7 8 9 10 | 10.3
Invocations    | 1 3 5 6 8 9 10 | 10.1
Evocations     | 1 3 4 6 7 8 9 10 | 10.2
Dodging        | 4 5 6 7 8 9 10 | 10.4
Spellcasting   | 3 5 6 7 8 10 11 | 11.0
Armour         | 1 3 5 |  5.2
Short Blades   | 2 4 5 |  5.0
Translocations | 2 4 |  4.0
Fire Magic     | 7 9 10 14 18 20 21 | 21.5
Earth Magic    | 5 12 15 | 15.8
Staves         | 1 |  1.3
Throwing       | 1 |  1.3
Stealth        | |  2.0

Action                   |  1- 3 |  4- 6 |  7- 9 | 10-12 | 13-15 | 16-18 | 19-21 | 22-24 || total
-------------------------+-------+-------+-------+-------+-------+-------+-------+-------++-------
Melee: Unarmed           |    13 |       |     3 |       |       |       |       |       ||    16
       Dagger            |    12 |    59 |    94 |    95 |   371 |   321 |   229 |     5 ||  1186
       Whip              |    20 |       |       |       |       |       |       |       ||    20
       Staff             |       |       |       |       |       |    30 |     3 |   215 ||   248
Throw: Dart              |       |       |       |       |       |       |       |     3 ||     3
       Throwing net      |       |       |       |       |       |       |       |     1 ||     1
 Cast: Magic Dart        |    57 |    21 |    87 |    17 |    20 |    67 |   159 |    42 ||   470
       Searing Ray       |       |    14 |    39 |   113 |   204 |   122 |   115 |    74 ||   681
       Fulminant Prism   |       |       |     5 |    25 |   100 |    27 |     8 |     7 ||   172
       Dazzling Flash    |       |       |       |     1 |       |       |     3 |       ||     4
       Fireball          |       |       |       |       |    14 |    22 |    46 |    10 ||    92
       Iskenderun's Myst |       |       |       |       |     1 |     8 |     3 |       ||    12
       Orb of Destructio |       |       |       |       |       |    24 |    66 |    39 ||   129
       Iskenderun's Batt |       |       |       |       |       |    15 |    49 |    19 ||    83
       Iron Shot         |       |       |       |       |       |       |   113 |    91 ||   204
       Ignition          |       |       |       |       |       |       |       |    60 ||    60
Invok: Channel Magic     |       |       |       |       |     2 |     1 |     2 |     2 ||     7
Evoke: Wand              |       |       |       |     4 |    21 |    14 |    21 |     7 ||    67
       Lightning rod     |       |       |       |       |     2 |    17 |     2 |     6 ||    27
  Use: Scroll            |       |       |    15 |     7 |    15 |    13 |     5 |    10 ||    65
       Potion            |       |       |       |     1 |     7 |     3 |       |     1 ||    12
 Stab: Distracted        |       |     1 |     1 |       |       |       |       |       ||     2
       Sleeping          |       |     1 |     2 |       |       |     1 |     5 |     2 ||    11
       Invisible         |       |       |       |     2 |       |       |     3 |       ||     5
       Paralysed         |       |       |       |       |       |       |     6 |       ||     6
Armor: Robe              |    17 |    15 |    35 |     8 |       |   101 |   100 |   107 ||   383
       Leather armour    |       |       |       |    41 |   142 |    10 |       |       ||   193
Dodge: Dodged            |    56 |    53 |    83 |   128 |   545 |   402 |   342 |   288 ||  1897
       Repelled          |       |       |       |       |       |       |       |     4 ||     4
Block: Other             |     1 |    10 |    23 |     6 |       |     1 |       |       ||    41
       Reflection        |       |       |     1 |     4 |    11 |    17 |    27 |     3 ||    63
       Buckler           |       |       |       |    95 |   319 |   254 |   206 |    97 ||   971

Table legend: (Time is in decaauts)
 A = Elapsed time spent in this place.
 B = Non-inter-level travel time spent in this place.
 C = Inter-level travel time spent in this place.
 D = Time resting spent in this place.
 E = Time spent auto-exploring this place.
 F = Levels seen in this place.
 G = Mean time per level.
                   A        B        C        D        E       F      G
               +--------+--------+--------+--------+--------+-----+--------+
         Total |  55366 |  50716 |   4650 |  18169 |  20657 |  43 | 1287.6 |
       Dungeon |  17631 |  15376 |   2255 |   3410 |   8551 |  15 | 1175.4 |
        Temple |    204 |    192 |     12 |      0 |    192 |   1 |  204.0 |
          Lair |  11406 |  10374 |   1032 |   4795 |   3452 |   6 | 1901.0 |
         Swamp |   4865 |   4635 |    230 |   1977 |   1691 |   4 | 1216.2 |
     Snake Pit |   7755 |   7121 |    634 |   2459 |   2628 |   4 | 1938.8 |
    Slime Pits |   2044 |   1959 |     85 |   1384 |     29 |   5 |  408.8 |
  Orcish Mines |   2690 |   2526 |    164 |    828 |    867 |   2 | 1345.0 |
   Elven Halls |   5997 |   5832 |    165 |   2625 |   1974 |   3 | 1999.0 |
        Vaults |   2172 |   2102 |     70 |    445 |   1108 |   2 | 1086.0 |
        Bailey |    596 |    596 |      0 |    245 |    164 |   1 |  596.0 |
               +--------+--------+--------+--------+--------+-----+--------+

Top non-repeatable levels by time:
  Lair:6: 3547 daAuts
 Snake:3: 3064 daAuts
   Elf:2: 2548 daAuts
   Elf:3: 2246 daAuts
  Lair:5: 2092 daAuts
  Lair:3: 1919 daAuts
 Snake:4: 1903 daAuts
     D:7: 1713 daAuts
 Swamp:4: 1658 daAuts
 Snake:2: 1552 daAuts
     D:8: 1542 daAuts
   Orc:2: 1539 daAuts
    D:10: 1470 daAuts
    D:13: 1443 daAuts
Vaults:1: 1438 daAuts
